Map: Blackburn LE

Players

llllllllllll

  • Race: Terran Terran
  • League: Master

Nadie - Winner!

  • Race: Zerg Zerg
  • League: Diamond

VOD

Have the link to the VOD?

Description

Time

  • Played on: Aug. 30, 2021, 2:02 a.m.
  • Length: 15:19
Show
View Real Time Build Order
Export as new Build Order

llllllllllll Terran 

Build Orders: Reaper Expand 

Get SALT Encoding   

  12  0:00  SCV  
  13  0:12  SCV  
  14  0:17  Supply Depot  
  14  0:24  SCV  
  15  0:38  SCV  
  15  0:39  Barracks  
  16  0:44  Refinery  
  16  0:51  SCV  
  17  1:03  SCV  
  18  1:15  SCV  
  19  1:27  Reaper  
  19  1:28  Orbital Command  
  20  1:44  Command Center  
  20  1:53  Supply Depot  
  21  1:54  SCV  
  21  2:00  Marine  
  22  2:06  SCV  
  23  2:18  Factory  
  23  2:20  SCV  
  23  2:22  Refinery, Barracks Reactor  
  24  2:32  SCV  
  26  2:44  SCV  
  26  2:56  SCV  
  27  3:08  SCV  
  27  3:11  Orbital Command, Starport  
  28  3:16  Supply Depot  
  28  3:18  Hellion x2  
  32  3:20  SCV  
  32  3:25  Marine  
  34  3:32  SCV  
  35  3:40  Hellion x2  
  39  3:48  Marine  
  39  3:49  Starport Tech Lab  
  39  3:52  SCV x2  
  39  3:55  Supply Depot  
  41  4:10  SCV x2  
  41  4:11  Raven  
  41  4:13  Hellion x2  
  49  4:20  Barracks Tech Lab  
  49  4:23  SCV  
  50  4:27  Supply Depot  
  50  4:29  SCV  
  51  4:35  SCV, Barracks  
  52  4:41  SCV  
  53  4:45  Supply Depot  
  53  4:47  SCV  
  53  4:49  Stimpack  
  53  4:50  Widow Mine  
  56  4:53  SCV  
  56  4:59  SCV  
  58  5:05  SCV  
  57  5:21  SCV x2  
  49  5:24  Barracks Reactor  
  49  5:25  Barracks  
  49  5:27  Engineering Bay  
  49  5:30  Supply Depot  
  49  5:33  SCV x2  
  51  5:45  SCV x2  
  51  5:47  Refinery  
  51  5:48  Refinery  
  52  5:57  SCV x2  
  52  5:59  Missile Turret  
  52  6:00  Widow Mine x2, Missile Turret  
  58  6:06  Starport Reactor  
  58  6:09  Marine, SCV x2  
  61  6:16  Missile Turret  
  61  6:17  Missile Turret  
  61  6:20  Terran Infantry Weapons Level 1  
  61  6:21  SCV x2, Widow Mine x2  
  61  6:25  Barracks Reactor, Missile Turret  
  67  6:26  Marine x2  
  67  6:27  Marine  
  70  6:33  SCV x2  
  72  6:40  Missile Turret  
  72  6:41  Combat Shield  
  72  6:43  Widow Mine x2, Medivac  
  72  6:44  Marine x2, Medivac  
  72  6:45  Marine, SCV x2  
  85  6:57  SCV  
  86  7:04  Barracks  
  86  7:07  Barracks  
  86  7:09  Supply Depot x2  
  86  7:11  Supply Depot, Barracks  
  86  7:15  Supply Depot  
  86  7:17  Supply Depot  
  86  7:18  Marine x3  
  89  7:27  Marine, Widow Mine  
  89  7:28  Widow Mine  
  94  7:30  Marine  
  94  7:36  Marine x3  
  98  7:45  Marine, Missile Turret  
  98  7:48  Marine, Medivac x2  
  104  7:54  Marine x3  
  104  7:57  Command Center  
  107  8:02  Barracks Reactor  
  107  8:03  Marine  
  107  8:04  Barracks Reactor  
  108  8:06  Marine  
  109  8:21  Marine x4  
  109  8:22  Widow Mine  
  109  8:23  Marine, Widow Mine  
  103  8:39  Marine x4  
  105  8:41  Marine  
  105  8:44  Marine x2  
  105  8:45  Marine x2  
  105  8:47  Terran Infantry Armor Level 1  
  110  8:50  Medivac  
  110  8:52  Engineering Bay  
  110  8:54  Factory  
  104  8:56  Marine  
  104  8:57  Marine x3  
  104  8:59  Marine  
  104  9:02  Marine x4  
  107  9:13  Widow Mine x2  
  107  9:14  Marine x4  
  115  9:17  Marine  
  115  9:20  Marine x4  
  117  9:32  Marine x3  
  117  9:33  Marauder  
  117  9:35  Marine  
  117  9:38  Marine x4  
  111  9:50  Marine x3  
  99  9:52  Marine  
  99  9:54  Marauder  
  99  9:55  Marine  
  99  9:56  Marine x2  
  99  9:58  Marine  
  108  10:00  Widow Mine, Medivac x2  
  112  10:08  Marine x3, Armory  
  112  10:09  Hi-Sec Auto Tracking  
  112  10:10  Marine  
  116  10:27  Marine x3  
  116  10:28  Marine x5  
  122  10:35  Orbital Command  
  124  10:47  Marine  
  124  10:48  Marine x4  
  129  10:50  Bunker, Missile Turret  
  129  10:51  Concussive Shells  
  129  10:52  Missile Turret  
  129  10:54  Barracks  
  129  10:55  Thor, Barracks  
  129  10:57  Terran Vehicle Weapons Level 1  
  135  10:59  Terran Infantry Weapons Level 2  
  135  11:07  Marine x3  
  135  11:08  Marine x2  
  140  11:19  Drilling Claws  
  140  11:20  Medivac x2  
  140  11:21  Marine x3, Marauder  
  140  11:24  Supply Depot  
  149  11:35  Supply Depot x3  
  149  11:43  Marauder  
  151  11:50  Marine x7  
  151  11:51  Widow Mine  
  151  11:52  Widow Mine  
  161  12:04  Marauder  
  147  12:14  Marine  
  147  12:15  Marine x6  
  149  12:16  Marine  
  149  12:17  Widow Mine x3  
  149  12:22  Terran Infantry Armor Level 2  
  156  12:26  Marauder  
  156  12:28  Missile Turret  
  158  12:31  Barracks Reactor  
  158  12:32  Marine x2, Barracks Tech Lab  
  158  12:34  Barracks  
  160  12:44  Thor  
  166  12:46  Medivac x2  
  166  12:47  Marauder  
  172  13:08  Marauder  
  165  13:19  Marine x10, Marauder  
  177  13:20  Widow Mine x2, Medivac  
  183  13:30  Marauder  
  185  13:37  Marine x2  
  185  13:40  Marauder  
  185  13:51  Marauder  
  185  14:06  Marine x3, Marauder  
  180  14:12  Marauder  
  165  14:30  Marauder  
  109  14:42  Marine x4, Marauder  
  106  14:49  Marine  
  106  14:50  Marine x5  
  106  14:52  Marauder  
  83  15:00  Marine x4  
Show
View Real Time Build Order
Export as new Build Order

Nadie Zerg - Winner!

Build Orders: Hatch First, Muta Ling Bane 

Get SALT Encoding   

  12  0:01  Drone  
  13  0:13  Overlord  
  13  0:18  Drone  
  14  0:31  Drone  
  14  0:32  Drone  
  16  0:51  Hatchery  
  16  0:54  Drone  
  16  0:57  Drone  
  16  1:02  Drone  
  18  1:11  Extractor  
  18  1:16  Spawning Pool  
  16  1:20  Drone  
  16  1:23  Drone  
  18  1:29  Drone  
  19  1:44  Drone  
  20  2:03  Queen  
  20  2:04  Queen  
  20  2:05  Zergling x6  
  27  2:16  Drone  
  27  2:18  Metabolic Boost, Overlord  
  27  2:32  Spore Crawler  
  26  2:40  Drone x4  
  31  2:46  Queen  
  31  2:49  Drone  
  31  2:50  Drone  
  35  2:56  Drone  
  35  3:15  Drone  
  36  3:25  Overlord x4  
  36  3:28  Extractor x2  
  36  3:30  Lair  
  36  3:32  Extractor, Drone  
  34  3:39  Drone x2  
  36  3:48  Drone x4  
  38  3:49  Drone  
  38  3:53  Drone x2  
  38  3:55  Drone  
  44  3:59  Drone  
  45  4:05  Drone  
  45  4:06  Drone  
  47  4:12  Drone x2  
  49  4:17  Drone x2  
  51  4:24  Drone  
  51  4:25  Drone x3  
  55  4:35  Zergling x4  
  57  4:40  Spire  
  56  4:52  Zergling x2  
  57  4:53  Zergling x14  
  57  4:54  Zergling x2  
  57  5:20  Drone x4  
  58  5:39  Overlord x2  
  58  5:49  Overlord x4  
  58  5:54  Zerg Flyer Weapons Level 1  
  58  5:58  Drone  
  58  6:00  Evolution Chamber x2  
  58  6:02  Hatchery  
  56  6:05  Drone  
  56  6:06  Drone  
  56  6:07  Baneling Nest  
  57  6:30  Zerg Melee Weapons Level 1, Zerg Ground Armor Level 1  
  57  6:31  Mutalisk x7  
  57  6:32  Mutalisk  
  73  6:48  Drone x6  
  73  6:51  Centrifical Hooks  
  73  6:54  Baneling x8  
  79  7:10  Drone x6  
  83  7:27  Overseer  
  83  7:28  Pneumatized Carapace  
  83  7:29  Mutalisk  
  83  7:30  Mutalisk x5  
  83  7:33  Drone x3  
  83  7:34  Drone x2  
  100  7:37  Extractor  
  100  7:38  Extractor  
  98  7:50  Drone x3  
  101  7:52  Drone x4  
  101  7:55  Queen  
  107  8:04  Zergling x2  
  107  8:05  Zergling x4  
  110  8:12  Zergling x2  
  111  8:13  Zergling x4  
  111  8:17  Overseer  
  111  8:18  Overseer x3  
  113  8:21  Baneling  
  113  8:22  Baneling x3  
  99  8:49  Zergling x2  
  99  8:50  Zergling x20  
  106  9:07  Mutalisk x4  
  114  9:10  Overlord x2  
  114  9:11  Overlord x2  
  114  9:20  Baneling  
  114  9:21  Baneling x10  
  114  9:24  Overlord x5  
  112  9:32  Hatchery  
  100  9:45  Zergling x2  
  100  9:46  Zergling x20  
  103  10:00  Zergling x16  
  103  10:05  Zerg Melee Weapons Level 2, Zerg Ground Armor Level 2  
  111  10:07  Baneling  
  111  10:08  Baneling x5  
  111  10:24  Mutalisk x8  
  127  10:37  Zergling x12  
  133  10:44  Queen  
  135  10:58  Hatchery  
  135  11:04  Zergling x8  
  135  11:05  Zergling x18  
  147  11:12  Infestation Pit  
  146  11:20  Queen, Baneling  
  146  11:21  Baneling x17  
  146  11:22  Baneling x4  
  146  11:24  Mutalisk x5  
  158  11:36  Overseer x2  
  158  11:37  Overseer  
  158  11:44  Drone  
  158  11:45  Drone x6  
  158  11:46  Drone x2  
  153  12:16  Mutalisk x7  
  159  12:28  Hive  
  159  12:40  Zerg Flyer Weapons Level 2  
  159  12:42  Hatchery  
  158  12:45  Extractor x2  
  158  12:46  Zergling x2  
  158  12:47  Zergling x34  
  158  12:50  Extractor, Baneling x5  
  158  12:51  Baneling x3  
  173  12:52  Extractor  
  173  12:57  Extractor  
  171  12:59  Extractor  
  171  13:04  Queen  
  172  13:22  Drone x3  
  172  13:23  Drone x2  
  172  13:24  Drone  
  178  13:31  Spine Crawler x3  
  178  13:32  Spine Crawler  
  174  13:34  Mutalisk x2  
  174  13:35  Mutalisk x5  
  172  14:13  Zergling x2  
  172  14:14  Zergling x34  
  188  14:24  Zergling x2  
  188  14:30  Ultralisk Cavern  
  104  14:53  Zergling x6  
  104  14:54  Zergling x16  
Tags
 
Add a new tag
Caveats
  • Supply blocks, unpowered buildings, or Contaminate may cause inaccurate times.
  • Supply counts are checked every 10 seconds.